 Dungeon Crawl Stone Soup version 0.17-a0-1510-gb3fb22e (webtiles) character file.

73 peknanjo the Firebug (level 4, -8/34 HPs)
             Began as a Demonspawn Wanderer on July 12, 2015.
             Mangled by Crazy Yiuf
             ... wielding a +4 quarterstaff of chaos
              (18 damage)
             ... on level 2 of the Dungeon.
             The game lasted 00:07:01 (1573 turns).

peknanjo the Firebug (Demonspawn Wanderer)          Turns: 1573, Time: 00:07:02

Health: -8/34      AC:  9    Str:  9    XL:     4   Next: 8%
Magic:  5/5        EV: 10    Int: 15    God:
Gold:   150        SH:  0    Dex: 15    Spells: 0 memorised, 5 levels left

rFire  . . .     SeeInvis .     a - +2 dagger
rCold  + . .     Clarity  .     g - +2 ring mail {rC+}
rNeg   . . .     SustAt   +     (no shield)
rPois  .         Gourm    .     (no helmet)
rElec  .         Spirit   .     (no cloak)
rCorr  .         Warding  .     (no gloves)
rMut   .         Stasis   .     (no boots)
MR     .....                    (no amulet)
Stlth  +.........               (no ring)
                                m - ring of sustain attributes

@: lethally poisoned (-8 -> -13), drained, not resistant to hostile
enchantments, very unstealthy
A: yellow scales 1
a: no special abilities


You were on level 2 of the Dungeon.
You were hungry.

You visited 1 branch of the dungeon, and saw 3 of its levels.

You collected 150 gold pieces.

Inventory:

Hand weapons
 a - a +2 dagger (weapon)
 c - a +0 spear
 j - a +3 hammer
 n - a +4 hammer
Missiles
 s - 5 tomahawks (quivered)
 u - 14 steel bolts
Armour
 e - a +0 plate armour
 g - a +2 ring mail of cold resistance (worn)
Jewellery
 m - a ring of sustain attributes (left hand)
 t - an uncursed ring of ice
Scrolls
 b - a scroll of fear
 k - a scroll of identify
 l - 2 scrolls of teleportation
Potions
 d - 2 potions of lignification
 h - 6 potions of curing {unknown}
 o - a potion of haste
 p - 3 potions of brilliance
 r - a potion of agility
Books
 v - a book of Fire

   Spells                             Type                      Level
   a - Ignite Poison                  Fire/Transmutation/Poison    3
   b - Fireball                       Conjuration/Fire             5
   c - Bolt of Fire                   Conjuration/Fire             6
   d - Delayed Fireball               Conjuration/Fire             7
   e - Ring of Flames                 Charms/Fire                  7
Comestibles
 f - 2 bread rations
 i - a beef jerky
 q - a slice of pizza
 w - 2 chunks of flesh


   Skills:
 * Level 2.4(2.1) Fighting
 + Level 1.4(1.1) Short Blades
 - Level 1.0(0.7) Polearms
 + Level 1.2(0.9) Armour
 + Level 1.1(0.9) Dodging
 - Level 1.7(1.4) Stealth
   Level 1.0(0.7) Shields
 - Level 1.0(0.7) Spellcasting
   Level 2.6(2.4) Fire Magic
   Level 1.0(0.7) Poison Magic


You had 5 spell levels left.
You didn't know any spells.

Dungeon Overview and Level Annotations

Branches:
Dungeon (3/15)

Altars:

Annotations:
D:2 Crazy Yiuf
D:3 Grinder


Innate Abilities, Weirdness & Mutations

You are partially covered in yellow scales (AC +2).


Message History

Crazy Yiuf hits you but does no damage.
You are poisoned.
You hit Crazy Yiuf.
Crazy Yiuf is almost dead.
You feel sick.
Crazy Yiuf grits, "Aardvark snockshim senile!"
Crazy Yiuf hits you with a quarterstaff of chaos.
You feel drained.
You are feeling hungry.
You hit Crazy Yiuf.
Crazy Yiuf is almost dead.
You feel sick. Crazy Yiuf hits you but does no damage.
You barely miss Crazy Yiuf.
Crazy Yiuf is almost dead.
Crazy Yiuf says, "Shower!
Whiteboard hog sow."
Crazy Yiuf hits you with a quarterstaff of chaos.
* * * LOW HITPOINT WARNING * * *
You are electrocuted!
Ouch! That really hurt!
You die...

#..<.....# #........#
#........# #........#
##....##### #...### ##
#..## ##.
###########..#### ###..
#.....@......#..# #....
#....>g.........###.#.#
#......(.....###....#.#
#.......(.........g....
####.##.#(...#....#####
#.#..#>.>.......##(.
######........(......#...
#.............#....###...
#.###..#...#.##.#### #(..


You could see Crazy Yiuf.

Vanquished Creatures
  An ooze (D:1)
  A worm (D:2)
  2 giant geckos (D:2)
  10 bats
  3 giant cockroaches
  9 goblins
  5 hobgoblins
  6 jackals (D:1)
  8 kobolds
  A quokka (D:3)
  4 giant newts
  9 rats
59 creatures vanquished.

Notes
Turn   | Place    | Note
--------------------------------------------------------------
     0 | D:1      | peknanjo the Demonspawn Wanderer began the quest for the Orb.
     0 | D:1      | peknanjo set off with: a +2 dagger, a scroll of fear, a +0 spear, a potion of lignification, a +0 robe, a bread ration
     0 | D:1      | Reached XP level 1. HP: 15/15 MP: 2/2
   153 | D:1      | Gained mutation: You are partially covered in yellow scales (AC +2). [demonic ancestry]
   153 | D:1      | Reached XP level 2. HP: 18/21 MP: 3/3
   474 | D:1      | Reached skill level 1 in Short Blades
   545 | D:1      | Reached XP level 3. HP: 27/27 MP: 4/4
   600 | D:1      | Reached skill level 1 in Dodging
   827 | D:2      | Reached skill level 1 in Armour
  1343 | D:3      | Reached XP level 4. HP: 18/34 MP: 5/5
  1463 | D:3      | Noticed Grinder
  1464 | D:3      | Paralysed by Grinder for 3 turns
  1472 | D:3      | Paralysed by Grinder for 6 turns
  1514 | D:2      | Noticed Crazy Yiuf
  1573 | D:2      | Mangled by Crazy Yiuf

Vault maps used:
D:1:      onia_arrival_pyramid
D:2:      uniq_crazy_yiuf_cottage
D:3:      first_bread, grunt_ministairs_9, uniq_grinder

Action                   |  1- 3 |  4- 6 || total
-------------------------+-------+-------++-------
Melee: Dagger            |   225 |    19 ||   244
Throw: Tomahawk          |       |     5 ||     5
  Use: Scroll            |     6 |       ||     6
 Stab: Sleeping          |     1 |       ||     1
  Eat: Chunk             |     2 |       ||     2
